 Dungeon Crawl Stone Soup version 0.27.1-34-g3ba077fa99 (webtiles) character file.

Game seed: 15937128173217646797

22 cbfl8 the Chiller (level 2, 0/19 HPs)
             Began as a Merfolk Ice Elementalist on Jan 14, 2022.
             Slain by a hobgoblin (3 damage)
             ... on level 1 of the Dungeon.
             The game lasted 00:03:17 (2466 turns).

cbfl8 the Chiller (Merfolk Ice Elementalist)        Turns: 2466, Time: 00:03:18

Health: 0/19       AC:  2    Str:  8    XL:     2   Next: 91%
Magic:  1/5        EV: 13    Int: 14    God:
Gold:   25         SH:  0    Dex: 14    Spells: 4/5 levels left

rFire    . . .     SeeInvis .   c - +0 dagger
rCold    . . .     Faith    .   (no shield)
rNeg     . . .     Spirit   .   a - +0 robe
rPois    .         Reflect  .   (no helmet)
rElec    .         Harm     .   (no cloak)
rCorr    .         Rampage  .   (no gloves)
Will     .....                  (no boots)
Stlth    ++........             (no amulet)
HPRegen  0.06/turn              (no ring)
MPRegen  0.09/turn              (no ring)

@: no status effects
A: (nimble swimmer 2), mertail
a: no special abilities


You were on level 1 of the Dungeon.
You visited 1 branch of the dungeon, and saw 1 of its levels.

You collected 25 gold pieces.

Inventory:

Hand Weapons
 c - a +0 dagger (weapon)
Missiles
 b - 17 arrows
Armour
 a - a +0 robe (worn)
 e - a +0 ring mail
Scrolls
 f - a scroll of magic mapping {unknown}


   Skills:
 + Level 0.1 Fighting
 + Level 0.8 Short Blades
 + Level 3.0 Dodging
 + Level 2.3 Stealth
 + Level 2.0 Spellcasting
 + Level 5.0 Ice Magic


You had 4 spell levels left.
You knew the following spells:

 Your Spells              Type           Power      Damage    Failure   Level
a - Freeze                Ice            60%        1d8       3%          1

Your spell library contained the following spells:

 Spells                   Type           Power      Damage    Failure   Level
 Frozen Ramparts          Ice            30%        1d5       9%          3
 Ozocubu's Armour         Ice            15%        N/A       9%          3
 Hailstorm                Conj/Ice       8%         3d4       63%         4


Dungeon Overview and Level Annotations

Branches:
Dungeon (1/15)

Altars:


Innate Abilities, Weirdness & Mutations

((You are quick and stealthy near water. (Stealth+, EV+, Speed+++)))
Your lower body shifts to a powerful aquatic tail in water.


Message History

You don't have enough magic to cast this spell.
You see here a hobgoblin corpse.
The dart slug launches a dart at you. The slug dart hits you.
The dart slug barely misses you.
You see here a hobgoblin corpse.
A hobgoblin comes into view.
The hobgoblin shouts!
You hit the dart slug but do no damage. The dart slug launches a dart at you.
The slug dart misses you.
You hit the dart slug.
The dart slug is lightly wounded.
The dart slug barely misses you.
Your magical contamination has completely faded away.
You hit the dart slug.
The dart slug is moderately wounded.
You hit the dart slug but do no damage.
The dart slug is moderately wounded.
The dart slug launches a dart at you. The slug dart hits you.
* * * LOW HITPOINT WARNING * * *
The hobgoblin barely misses you.
You hit the dart slug.
The dart slug is heavily wounded.
The hobgoblin hits you but does no damage.
The dart slug launches a dart at you. The slug dart misses you.
Found 9 gold pieces.
The hobgoblin hits you.
* * * LOW HITPOINT WARNING * * *
The dart slug launches a dart at you. The slug dart misses you.
The hobgoblin closely misses you.
You see here a scroll labelled YPRIQ BEOM.
f - a scroll labelled YPRIQ BEOM The hobgoblin closely misses you.
The dart slug closely misses you.
As you read the scroll labelled MYMYOH FYOTOVU, it crumbles to dust.
You feel a surge of unholy energy.
The dart slug convulses!
The hobgoblin convulses!
It was a scroll of torment.
The hobgoblin hits you.
You die...

...#........##...
#...#####.##r##...
.......##.##.# ... ...
#####...## ...##.# #. #..
#..$.....#.##.##r# #. #..
#.##...#.........# ##
#.###..####.#....#.####.####
#.......♣...†...........#
..............w@##..###.#
....♣P_♣P....g.....# #.#######
..♣P♣.P..........# #)##....##
##.##.♣..♣...#####..###÷##......
#.....†......# #...##.##..†.##
......###....# #...##.####'##
...... #....#####...........#
##+## #........#...........#
########....#........#


You could see a dart slug and a hobgoblin.

Vanquished Creatures
  An endoplasm (D:1)
  2 goblins (D:1)
  2 hobgoblins (D:1)
  4 kobolds (D:1)
  3 quokkas (D:1)
  A ball python (D:1)
  3 bats (D:1)
  2 frilled lizards (D:1)
  A rat (D:1)
19 creatures vanquished.

Vanquished Creatures (others)
  A withered plant (D:1)
1 creature vanquished.

Grand Total: 20 creatures vanquished

Notes
Turn   | Place    | Note
-------+----------+-------------------------------------------
     0 | D:1      | cbfl8 the Merfolk Ice Elementalist began the quest for the
                  | Orb.
     0 | D:1      | Reached XP level 1. HP: 13/13 MP: 3/3
   914 | D:1      | Reached XP level 2. HP: 8/19 MP: 0/5
  2402 | D:1      | Found a faded altar of an unknown god.
  2428 | D:1      | Reached skill level 5 in Ice Magic
  2466 | D:1      | Slain by a hobgoblin

Illustrated notes

Levels and vault maps discovered:
D:1:      lemuel_arrival_river_bridge, layout_basic,
          ebering_ecumenical_altar_petrified

Skill      XL: |  1  2 |
---------------+-------+-----
Ice Magic      | 5 |  5.0
Dodging        | 3 |  3.0
Fighting       | |  0.1
Short Blades   | |  0.8
Stealth        | |  2.3
Spellcasting   | |  2.0

Action                   || total
-------------------------++-------
Melee: Dagger            ||    78
       Unarmed           ||     9
 Cast: Freeze            ||    12
  Use: Scroll            ||     1
 Stab: Sleeping          ||     1
Armor: Robe              ||    27
Dodge: Dodged            ||    84
